 Dungeon Crawl Stone Soup version 0.26-a0-926-g43279f1ce9 (webtiles) character file.

Game seed: 16541394555326636331

973 KristoblXynda the Ruffian (level 7, -2/59 HPs)
             Began as a Troll Hedge Wizard on Nov 26, 2020.
             Was an Initiate of Ashenzari.
             Slain by an ice beast (13 damage)
             ... on level 5 of the Dungeon.
             The game lasted 00:08:17 (3318 turns).

KristoblXynda the Ruffian (Troll Hedge Wizard)      Turns: 3318, Time: 00:08:17

Health: -2/59      AC:  6    Str: 19    XL:     7   Next: 94%
Magic:  9/9        EV: 11    Int: 12    God:    Ashenzari [......]
Gold:   299        SH:  0    Dex:  9    Spells: 9/10 levels left

rFire    . . .     SeeInvis .     - Unarmed
rCold    . . .     Faith    .   (no shield)
rNeg     . . .     Spirit   .   q - +0 robe (curse)
rPois    .         Reflect  .   c - +0 hat
rElec    .         Harm     .   (no cloak)
rCorr    .         Rampage  .   (gloves unavailable)
MR       .....                  (boots unavailable)
Stlth    +.........             (no amulet)
HPRegen  0.59/turn              (no ring)
MPRegen  0.11/turn              n - ring of flight

@: no status effects
A: large, unfitting armour, claws 3, talons 1, sense surroundings 1,
regeneration 1, shaggy fur 1, tough skin 3
a: Curse Item, Renounce Religion, Evoke Flight


You were on level 5 of the Dungeon.
You worshipped Ashenzari.
Ashenzari was noncommittal.
You visited 1 branch of the dungeon, and saw 5 of its levels.

You collected 299 gold pieces.

Inventory:

Armour
 c - a +0 hat (worn)
 q - a cursed +0 robe (worn)
Jewellery
 n - a ring of flight (right claw)
Scrolls
 a - a scroll of magic mapping {unknown}
 d - a scroll of blinking
 f - a scroll of immolation {unknown}
 g - 5 scrolls of identify
 m - a scroll of remove curse
 o - 2 scrolls of enchant armour
Potions
 e - a potion of might
 h - 2 potions of magic
 i - 2 potions of mutation
 j - a potion of flight
 k - 2 potions of haste
 p - a potion of heal wounds


   Skills:
 + Level 4.6 Dodging
 - Level 1.0 Stealth
 + Level 5.1 Unarmed Combat
 - Level 2.0 Spellcasting
 + Level 3.9 Conjurations
 - Level 0.6 Summonings
 - Level 0.6 Translocations


You had 9 spell levels left.
You knew the following spells:

 Your Spells              Type           Power        Failure   Level
a - Magic Dart            Conj           ##..         5%          1

Your spell library contained the following spells:

 Spells                   Type           Power        Failure   Level
 Beastly Appendage        Tmut           #.....       26%         1
 Blink                    Tloc           N/A          32%         2
 Call Imp                 Summ           #.......     32%         2
 Conjure Flame            Conj/Fire      #.......     36%         3
 Slow                     Hex            #.......     38%         2
 Wereblood                Tmut           #.......     38%         2
 Mephitic Cloud           Conj/Pois/Air  #.......     43%         3
 Spider Form              Tmut/Pois      #.........   63%         3
 Ice Form                 Ice/Tmut       #.......     95%         4
 Blade Hands              Tmut           #.........   100%        5


Dungeon Overview and Level Annotations

Branches:
Dungeon (5/15)
 Temple: D:4-7

Altars:
Ashenzari

Shops:
D:5 *


Innate Abilities, Weirdness & Mutations

You are too large for most types of armour.
You have claws for hands.
Your natural rate of healing is unusually fast.
You are covered in fur. (AC +1)
You have extremely tough skin. (AC +3)
You have sharp toenails.
You passively map a small area around you.


Message History

You are too injured to fight recklessly!
You are too injured to fight recklessly!
Unknown command.
You scratch the ice beast but do no damage.
The ice beast is heavily wounded.
The ice beast closely misses you.
You scratch the ice beast.
The ice beast is heavily wounded.
The ice beast hits you. The ice beast freezes you!
* * * LOW HITPOINT WARNING * * *
Casting: Magic Dart (safe; 5% risk of failure)
Confirm with . or Enter, or press ? or * to list all spells.
Aiming: Magic Dart (safe; 5% risk of failure)
Press: ? - help, Shift-Dir - straight line, f - ice beast
Aim: an ice beast (heavily wounded, 0% to evade)
Okay, then.
The ice beast hits you.
* * * LOW HITPOINT WARNING * * *
The ice beast freezes you!
You die...

* #...... # #!.....
#.#.....## ,........#.###
............##
........#....##
..........##....##
...##........##Y.##
.......$.....###@.#
.......##......#..####
..#.>.###.....∩....#.# *
..##..#.(<...........#
#..#..(.(................#
,,
##...............<...##...#
#.....(.............<# ...
#####.................. . *
##(................. , ,


You could see an ice beast.

Vanquished Creatures
  Sigmund (D:3)
  A sky beast (D:5)
  A phantom (D:4)
  An ogre (D:4)
  2 centaurs (D:5)
  A big kobold (D:4)
  A scorpion (D:5)
  A howler monkey (D:4)
  A hound (D:4)
  A worker ant (D:4)
  9 adders
  4 worms
  3 dart slugs
  4 leopard geckos
  An orc (D:2)
  5 bats
  5 giant cockroaches
  6 hobgoblins
  11 jackals
  11 kobolds
  3 quokkas
  A frilled lizard (D:1)
  18 goblins
  A quokka skeleton (D:4)
  6 rats
99 creatures vanquished.

Notes
Turn   | Place    | Note
-------+----------+-------------------------------------------
     0 | D:1      | KristoblXynda the Troll Hedge Wizard began the quest for
                  | the Orb.
     0 | D:1      | Reached XP level 1. HP: 16/16 MP: 2/2
   132 | D:1      | Reached skill level 1 in Conjurations
   162 | D:1      | Reached XP level 2. HP: 19/24 MP: 4/4
   425 | D:1      | Reached skill level 1 in Unarmed Combat
   798 | D:2      | Reached XP level 3. HP: 23/31 MP: 5/5
  1065 | D:2      | Reached XP level 4. HP: 34/39 MP: 6/6
  1106 | D:2      | Reached skill level 2 in Unarmed Combat
  1163 | D:2      | You fall into a shaft and drop 2 floors!
  1207 | D:4      | Noticed a big kobold
  1221 | D:4      | Killed a big kobold
  1222 | D:4      | Reached XP level 5. HP: 45/45 MP: 7/7
  1363 | D:4      | Noticed a phantom
  1414 | D:4      | Killed a phantom
  1415 | D:4      | Reached skill level 3 in Unarmed Combat
  1415 | D:4      | Reached XP level 6. HP: 30/53 MP: 8/8
  1513 | D:4      | Learned a level 1 spell: Magic Dart
  2213 | D:3      | Gained mutation: You passively map a small area around you.
                  | [potion of mutation]
  2213 | D:3      | Gained mutation: You have sharp toenails. [potion of
                  | mutation]
  2627 | D:3      | Reached skill level 4 in Unarmed Combat
  2742 | D:3      | Found a broken altar of Ashenzari.
  2748 | D:3      | Became a worshipper of Ashenzari the Shackled
  2753 | D:3      | Noticed Sigmund
  2784 | D:3      | Killed Sigmund
  2785 | D:3      | Reached XP level 7. HP: 36/59 MP: 9/9
  3173 | D:5      | Entered Level 5 of the Dungeon
  3173 | D:5      | Found Oratt's Lightly-Used Armoury.
  3197 | D:5      | Reached skill level 5 in Unarmed Combat
  3318 | D:5      | Slain by an ice beast

Illustrated notes

Levels and vault maps discovered:
D:1:      eino_arrival_cavern_b, layout_basic
D:2:      kennysheep_the_goblin_king, layout_basic, minmay_misc_feat_doors,
          dk_vineyard_3, kennysheep_generic_room_2
D:3:      layout_basic, lemuel_round_altar, kennysheep_nondescript,
          kennysheep_generic_room_8, uniq_sigmund
D:4:      layout_loops_corners
D:5:      layout_cave_pools, minmay_shop_damaged

Skill      XL: |  1  2  3  4  5  6  7 |
---------------+----------------------+-----
Conjurations   | 1 2 3 |  3.9
Unarmed Combat | 1 2 3 4 5 |  5.1
Dodging        | 2 3 4 |  4.6
Stealth        | |  1.0
Spellcasting   | |  2.0
Summonings     | |  0.6
Translocations | |  0.6

Action                   |  1- 3 |  4- 6 |  7- 9 || total
-------------------------+-------+-------+-------++-------
Melee: Unarmed           |   118 |   196 |    40 ||   354
       Kick              |       |     9 |     5 ||    14
       Punch             |       |     1 |     1 ||     2
 Cast: Magic Dart        |       |     4 |       ||     4
  Use: Scroll            |       |     2 |     3 ||     5
       Potion            |       |     5 |     1 ||     6
 Stab: Sleeping          |     2 |     3 |       ||     5
Armor: Robe              |    46 |    99 |    11 ||   156
       Skin              |       |       |     9 ||     9
Dodge: Dodged            |    53 |   138 |    12 ||   203

Table legend: (Time is in decaauts)
 A = Elapsed time spent in this place.
 B = Non-inter-level travel time spent in this place.
 C = Inter-level travel time spent in this place.
 D = Time resting spent in this place.
 E = Time spent auto-exploring this place.
 F = Levels seen in this place.
 G = Mean time per level.
                   A        B        C        D        E       F      G
               +--------+--------+--------+--------+--------+-----+--------+
         Total |   3287 |   3124 |    163 |    215 |   2038 |   5 |  657.4 |
       Dungeon |   3287 |   3124 |    163 |    215 |   2038 |   5 |  657.4 |
               +--------+--------+--------+--------+--------+-----+--------+

Top non-repeatable levels by time:
     D:4: 900 daAuts
     D:3: 869 daAuts
     D:1: 792 daAuts
     D:2: 583 daAuts
     D:5: 142 daAuts
